 Dungeon Crawl Stone Soup version 0.27-a0-978-g2aa4ecdaef (webtiles) character file.

Game seed: 7631021696350230264

70 leviel the Shield-Bearer (level 4, -1/40 HPs)
             Began as a Minotaur Fighter on Apr 14, 2021.
             Slain by a water moccasin (8 damage)
             ... on level 3 of the Dungeon.
             The game lasted 00:02:00 (2072 turns).

leviel the Shield-Bearer (Minotaur Fighter)         Turns: 2072, Time: 00:02:01

Health: -1/40      AC:  7    Str: 21    XL:     4   Next: 3%
Magic:  3/3        EV:  7    Int:  5    God:
Gold:   107        SH:  9    Dex: 10    Spells: 3/3 levels left

rFire    . . .     SeeInvis .   a - +0 war axe
rCold    . . .     Faith    .   c - +0 kite shield
rNeg     . . .     Spirit   .   b - +0 scale mail
rPois    .         Reflect  .   (helmet restricted)
rElec    .         Harm     .   (no cloak)
rCorr    .         Rampage  .   (no gloves)
Will     .....                  (no boots)
Stlth    ..........             (no amulet)
HPRegen  0.13/turn              (no ring)
MPRegen  0.08/turn              (no ring)

@: mighty, lethally poisoned (-1 -> -12)
A: horns 2, retaliatory headbutt
a: no special abilities


You were on level 3 of the Dungeon.
You visited 1 branch of the dungeon, and saw 3 of its levels.

You collected 107 gold pieces.

Inventory:

Hand Weapons
 a - a +0 war axe (weapon)
Armour
 b - a +0 scale mail (worn)
 c - a +0 kite shield (worn)
Jewellery
 f - an amulet of magic regeneration
Scrolls
 e - 2 scrolls of immolation
Potions
 d - a potion of might
 g - a potion of curing {unknown}
 i - a potion of heal wounds {unknown}


   Skills:
 + Level 4.1 Fighting
 + Level 3.5 Axes
 + Level 4.2 Armour
 + Level 0.2 Dodging
 + Level 4.3 Shields


You had 3 spell levels left.
You didn't know any spells.
Your spell library was empty.

Dungeon Overview and Level Annotations

Branches:
Dungeon (3/15)

Altars:


Innate Abilities, Weirdness & Mutations

You have a pair of horns on your head.
You reflexively headbutt those who attack you in melee.


Message History

No target in view!
A water moccasin comes into view.
The water moccasin hisses angrily.
Found a whip.
A water moccasin is nearby!
A water moccasin is nearby!
You feel very mighty all of a sudden.
You slash the water moccasin!
The water moccasin is moderately wounded.
The water moccasin bites you but does no damage.
The water moccasin bites you!
You closely miss the water moccasin. You headbutt the water moccasin!
The water moccasin is almost dead.
You block the water moccasin's attack. The water moccasin bites you.
You closely miss the water moccasin.
Your headbutt misses the water moccasin.
The water moccasin is almost dead.
The water moccasin bites you but does no damage.
The water moccasin bites you.
You are poisoned.
The water moccasin poisons you!
You miss the water moccasin.
The water moccasin is almost dead.
You feel very sick. The water moccasin closely misses you.
The water moccasin bites you.
You are lethally poisoned!
The water moccasin poisons you!
You barely miss the water moccasin.
Your headbutt misses the water moccasin.
The water moccasin is almost dead.
* * * LOW HITPOINT WARNING * * *
You feel extremely sick.
The water moccasin bites you but does no damage. x2
You miss the water moccasin.
Your headbutt misses the water moccasin.
The water moccasin is severely wounded.
* * * LOW HITPOINT WARNING * * *
You feel very sick. You block the water moccasin's attack.
The water moccasin bites you!
You die...

#.......>..
###.....##.#
#..........#
##.#.....##.#######
#........##..<.....
....<#.....##.#######
###.##.......<....#
#.#.###.....#.....#
#..@.##..#..#.###.#
#..S..........#
#....##).#..#.
#.#.###..#..# #.#.#
.. #... #.....#. #.#.
##).. #..


You could see a water moccasin.

Vanquished Creatures
  2 adders (D:2)
  2 dart slugs
  7 endoplasms
  A giant cockroach (D:2)
  10 hobgoblins
  3 jackals (D:2)
  A quokka (D:3)
  2 ball pythons
  3 bats
  2 frilled lizards (D:1)
  4 goblins
  3 kobolds (D:2)
  2 rats (D:1)
42 creatures vanquished.

Notes
Turn   | Place    | Note
-------+----------+-------------------------------------------
     0 | D:1      | leviel the Minotaur Fighter began the quest for the Orb.
     0 | D:1      | Reached XP level 1. HP: 19/19 MP: 0/0
   558 | D:1      | Reached XP level 2. HP: 27/27 MP: 1/1
  1159 | D:2      | Found a faded altar of an unknown god.
  1179 | D:2      | Reached XP level 3. HP: 33/33 MP: 2/2
  1872 | D:2      | Reached XP level 4. HP: 40/40 MP: 3/3
  2064 | D:3      | Noticed a water moccasin
  2072 | D:3      | Slain by a water moccasin

Illustrated notes

Levels and vault maps discovered:
D:1:      tarquinn_simple_flora_water_b, layout_loops_ring, chequers_mini_garden
D:2:      layout_basic, hellmonk_ecumenical_altar_blasted, minmay_liquid_box
D:3:      kennysheep_six_static_rooms, layout_loops_ring,
          nicolae_tso_swordbearing_angel

Skill      XL: |  1  2  3 |
---------------+----------+-----
Fighting       | 4 |  4.1
Shields        | 4 |  4.3
Armour         | 4 |  4.2
Axes           | 3 |  3.5
Dodging        | |  0.2

Action                   |  1- 3 |  4- 6 || total
-------------------------+-------+-------++-------
Melee: War axe           |    79 |     6 ||    85
       Headbutt          |    17 |     1 ||    18
  Use: Scroll            |     2 |       ||     2
       Potion            |       |     1 ||     1
Armor: Scale mail        |    46 |     4 ||    50
Dodge: Dodged            |    27 |     2 ||    29
Block: Kite shield       |    39 |     2 ||    41

Table legend: (Time is in decaauts)
 A = Elapsed time spent in this place.
 B = Non-inter-level travel time spent in this place.
 C = Inter-level travel time spent in this place.
 D = Time resting spent in this place.
 E = Time spent auto-exploring this place.
 F = Levels seen in this place.
 G = Mean time per level.
                   A        B        C        D        E       F      G
               +--------+--------+--------+--------+--------+-----+--------+
         Total |   2120 |   2080 |     40 |      0 |   1842 |   3 |  706.7 |
       Dungeon |   2120 |   2080 |     40 |      0 |   1842 |   3 |  706.7 |
               +--------+--------+--------+--------+--------+-----+--------+

Top non-repeatable levels by time:
     D:1: 1053 daAuts
     D:2: 1043 daAuts
     D:3: 23 daAuts
